 Dungeon Crawl Stone Soup version 0.29-a0-857-g9b1aa3ac5b (webtiles) character file.

Game seed: 2843316887753572897

667 buhh the Insei (level 7, -5/73 HPs)
             Began as an Octopode Transmuter on July 17, 2022.
             Was an Initiate of Cheibriados.
             Slain by an orc warrior
             ... wielding a +0 scimitar
              (10 damage)
             ... on level 6 of the Dungeon.
             The game lasted 00:07:10 (5989 turns).

buhh the Insei (Octopode Transmuter)                Turns: 5989, Time: 00:07:11

Health: -5/73      AC: 23    Str: 11    XL:     7   Next: 57%
Magic:  6/10       EV:  2    Int: 18    God:    Cheibriados [......]
Gold:   333        SH:  0    Dex: 13    Spells: 4/10 levels left

rFire   . . .      SeeInvis +     - Unarmed
rCold   . . .      Faith    .   (no shield)
rNeg    . . .      Spirit   .   (helmet currently unavailable)
rPois   +          Reflect  .   (no amulet)
rElec   .          Harm     .   e - ring of see invisible
rCorr   .          Rampage  .   (no ring)
Will    .....      NoTele   +   (no ring)
Stlth   ++........              (no ring)
HPRegen 0.22/turn               (no ring)
MPRegen 0.12/turn               (no ring)
                                (no ring)
                                (no ring)

@: tree-form, very slightly contaminated, very slow
A: stationary, stasis, torment immunity, boosted hp, almost no armour,
(amphibious), 8 rings, (camouflage 1), (gelatinous body 1), (nimble swimmer 1),
(tentacles)
a: Renounce Religion


You were on level 6 of the Dungeon.
You worshipped Cheibriados.
Cheibriados was noncommittal.
You were a tree.
You visited 2 branches of the dungeon, and saw 7 of its levels.

You collected 333 gold pieces.

Inventory:

Jewellery
 e - a ring of see invisible (left branch)
 t - an amulet of guardian spirit
 u - an amulet of the acrobat
Scrolls
 c - a scroll of teleportation {!d!d}
 g - 2 scrolls of amnesia
 h - 4 scrolls of enchant armour
 l - a scroll of immolation {!r}
 p - 4 scrolls of poison {unknown}
 r - a scroll of summoning {unknown}
 v - a scroll of vulnerability {unknown}
Potions
 a - a potion of invisibility {unknown}
 b - 3 potions of flight {unknown}
 d - a potion of brilliance {unknown}
 f - 2 potions of haste {unknown}
 j - a potion of might {unknown}
 m - 3 potions of curing {unknown}
 n - a potion of lignification {!d}
 q - 3 potions of degeneration {unknown}
 s - a potion of mutation {unknown}


   Skills:
 + Level 4.4 Fighting
 + Level 4.8 Dodging
 - Level 2.0 Stealth
 + Level 5.3 Unarmed Combat
 - Level 2.0 Spellcasting
 * Level 2.1 Transmutations
 - Level 1.0 Poison Magic


You had 4 spell levels left.
You knew the following spells:

 Your Spells              Type           Power      Damage    Failure   Level
a - Beastly Appendage     Tmut           18%        N/A       8%          1
b - Wereblood             Tmut           9%         N/A       12%         2
c - Spider Form           Tmut/Pois      7%         N/A       28%         3

Your spell library contained the following spells:

 Spells                   Type           Power      Damage    Failure   Level
 Frozen Ramparts          Ice            2%         1d2       47%         3
 Ice Form                 Ice/Tmut       5%         N/A       75%         4
 Leda's Liquefaction      Hex/Erth       0%         N/A       87%         4
 Summon Ice Beast         Ice/Summ       1%         N/A       87%         4
 Fireball                 Conj/Fire      0%         3d3       99%         5
 Lee's Rapid Deconstruct  Erth           0%         3d5*      99%         5
 Conjure Ball Lightning   Conj/Air       0%         3x3d6     100%        6
 Starburst                Conj/Fire      0%         6d3       100%        6
 Statue Form              Tmut/Erth      3%         N/A       100%        6
 Discord                  Hex            0%         N/A       100%        8
 Disjunction              Tloc           0%         N/A       100%        8
 Ignition                 Fire           0%         3d3       100%        8


Dungeon Overview and Level Annotations

Branches:
Dungeon (6/15) Zot: 39551  Temple (1/1) D:4 Zot: 8821

Altars:
Ashenzari
Cheibriados
Dithmenos
Elyvilon
Fedhas
Gozag
Hepliaklqana
Kikubaaqudgha
Makhleb
Nemelex Xobeh
Okawaru
Ru
Sif Muna
Trog
Wu Jian
Xom
Yredelemnul
Zin
The Shining One

Shops:
D:4 (

Annotations:
D:4 2 transporters, exclusion: downstairs
D:5 Edmund


Innate Abilities, Weirdness & Mutations

You are a tree.
Your roots penetrate the ground, keeping you stationary.
You cannot be teleported.
You are immune to unholy pain and torment.
Your maximum health is greatly increased.
You cannot wear most types of armour.
((You are amphibious.))
You can wear up to eight rings at the same time.
((Your skin changes colour to match your surroundings (Stealth+).))
((Your rubbery body absorbs attacks. (AC +1, EV +1)))
((You are camouflaged when in or above water. (Stealth+)))
((You have tentacles for arms and can constrict up to eight enemies at once.))


Message History

The orc warrior shouts!
You hit the orc.
The orc is poisoned.
The orc is severely wounded.
You kill the orc!
Cheibriados appreciates the change of pace.
Things that are here:
a +0 hand axe; a scroll labelled VOAGAL PAIBAEBIGU; an orc corpse The orc warrior misses you.
You barely miss the orc warrior.
The orc warrior hits you with a +0 scimitar!
You hit the orc warrior.
The orc warrior is poisoned.
The orc warrior is lightly wounded.
The orc warrior misses you.
You barely miss the orc warrior.
The orc warrior is moderately wounded.
Your transformation has ended.
The orc warrior hits you with a +0 scimitar.
You miscast Spider Form.
You are very lightly contaminated with residual magic.
Nothing appears to happen.
The orc warrior misses you.
You tentacle-slap the orc warrior but do no damage.
You grab the orc warrior. You squeeze the orc warrior.
The orc warrior is heavily wounded.
You constrict the orc warrior, but do no damage.
The orc warrior hits you with a +0 scimitar!
You tentacle-slap the orc warrior but do no damage.
The orc warrior is heavily wounded.
You constrict the orc warrior, but do no damage.
The orc warrior hits you with a +0 scimitar.
You tentacle-slap the orc warrior.
You squeeze the orc warrior, but do no damage.
The orc warrior is heavily wounded.
You constrict the orc warrior, but do no damage.
The orc warrior hits you with a +0 scimitar!
* * * LOW HITPOINT WARNING * * *
Really quaff the potion of lignification?
You turn into a tree.
Your roots penetrate the ground.
You lose your grip on the orc warrior.
The orc warrior hits you with a +0 scimitar!
You die...

...... ...........# ..#####...
...... ..(........# #.......##
.....o ...........# #.......#
...... ...........######......##
...... .......!.......##.###....
...o.. o..!...............##....
...... ...............##..##....
...... ...........######..##....
...... .......o♣.).........#....
.....! .........)........#......
........................#
.(.......................
.........:.........####..........
...................####........#.
.....................##.....#..#.
.........)...........##........#.
.....................########.>#.


You could see an orc warrior (very poisoned).

Vanquished Creatures
  A black bear (D:6)
  A necrophage (D:6)
  2 scorpions
  2 jellies (D:6)
  2 hounds
  2 orc priests
  An iguana (D:6)
  2 orc wizards (D:3)
  7 adders
  A worm (D:2)
  2 dart slugs
  7 orcs
  5 ball pythons
  6 endoplasms
  3 giant cockroaches
  3 goblins
  9 hobgoblins
  4 quokkas
  5 bats
  6 frilled lizards
  5 kobolds
  5 rats
81 creatures vanquished.

Notes
Turn   | Place    | Note
-------+----------+-------------------------------------------
     0 | D:1      | buhh the Octopode Transmuter began the quest for the Orb.
     0 | D:1      | Reached XP level 1. HP: 13/13 MP: 3/3
   233 | D:1      | Reached skill level 1 in Stealth
   297 | D:1      | Reached XP level 2. HP: 16/18 MP: 1/5
   409 | D:1      | Reached skill level 1 in Poison Magic
  1091 | D:2      | Reached XP level 3. HP: 16/23 MP: 4/6
  1288 | D:2      | Learned a level 2 spell: Wereblood
  1292 | D:2      | Learned a level 3 spell: Spider Form
  1773 | D:2      | Reached XP level 4. HP: 29/29 MP: 5/7
  2234 | D:3      | Reached XP level 5. HP: 35/35 MP: 2/8
  2905 | D:3      | Found a faded altar of an unknown god.
  3169 | D:4      | Found a staircase to the Ecumenical Temple.
  3187 | Temple   | Entered the Ecumenical Temple
  3494 | D:4      | Found a transporter.
  3496 | D:4      | Noticed a fire bat
  3496 | D:4      | Noticed a fire bat
  3528 | D:4      | Reached skill level 4 in Unarmed Combat
  3552 | D:4      | Found a transporter.
  3612 | D:4      | Found Utaiveps's Antique Weapon Emporium.
  4349 | D:5      | Entered Level 5 of the Dungeon
  4375 | D:5      | Reached XP level 6. HP: 20/42 MP: 9/9
  4603 | D:5      | Noticed Edmund
  4956 | D:5      | Found a snail-covered altar of Cheibriados.
  4993 | D:5      | Became a worshipper of Cheibriados the Contemplative
  5181 | D:6      | Noticed an orc warrior
  5181 | D:6      | Noticed a black bear
  5299 | D:5      | Noticed a black bear
  5474 | D:6      | Reached XP level 7. HP: 48/48 MP: 10/10
  5537 | D:6      | Reached skill level 5 in Unarmed Combat
  5989 | D:6      | Slain by an orc warrior

Illustrated notes

Levels and vault maps discovered:
D:1:      lightli_arrival_boilingwater, layout_loops_cross
D:2:      layout_loops_ring, serial_glass, glass_columns_a, glass_columns_c,
          due_unseen_surprise, feat_on_display, minmay_cut_off
D:3:      layout_basic, dreamdust_ecumenical_altar_angels_and_demons,
          nicolae_figureground_sparkle
D:4:      gammafunk_cloud_chamber, layout_basic, minmay_temple_entry_tees,
          serial_shops, nicolae_shop_temple_entry_statues_fountains,
          roderic_cross_of_infinity, minmay_statues_item,
          nicolae_zen_rock_garden, minmay_bisected
D:5:      layout_loops_corners, nicolae_overflow_crystal_walls, uniq_edmund
D:6:      layout_basic
Temple:   nicolae_temple_bog_church

Skill      XL: |  1  2  3  4  5  6  7 |
---------------+----------------------+-----
Stealth        | 1 2 |  2.0
Poison Magic   | 1 |  1.0
Fighting       | 2 3 4 |  4.4
Dodging        | 3 4 |  4.8
Unarmed Combat | 4 5 |  5.3
Spellcasting   | |  2.0
Transmutations | |  2.1

Action                   |  1- 3 |  4- 6 |  7- 9 || total
-------------------------+-------+-------+-------++-------
Melee: Unarmed           |    73 |   103 |    23 ||   199
       Tentacles         |    17 |    17 |     3 ||    37
       Constrict         |    20 |    26 |     1 ||    47
       Kick              |    14 |    30 |       ||    44
       Punch             |     2 |     6 |       ||     8
 Cast: Beastly Appendage |    24 |    31 |       ||    55
       Wereblood         |     1 |     1 |       ||     2
       Spider Form       |       |     2 |     2 ||     4
Evoke: Wand              |       |       |     4 ||     4
  Use: Scroll            |     1 |     6 |     3 ||    10
       Potion            |       |       |     2 ||     2
 Stab: Sleeping          |     9 |     4 |       ||    13
Armor: Skin              |     7 |     3 |     4 ||    14
Dodge: Dodged            |    36 |    58 |     6 ||   100

Table legend: (Time is in decaauts)
 A = Elapsed time spent in this place.
 B = Non-inter-level travel time spent in this place.
 C = Inter-level travel time spent in this place.
 D = Time resting spent in this place.
 E = Time spent auto-exploring this place.
 F = Levels seen in this place.
 G = Mean time per level.
                   A        B        C        D        E       F      G
               +--------+--------+--------+--------+--------+-----+--------+
         Total |   6112 |   5916 |    196 |    508 |   4246 |   7 |  873.1 |
       Dungeon |   5993 |   5804 |    189 |    508 |   4150 |   6 |  998.8 |
        Temple |    118 |    111 |      7 |      0 |     96 |   1 |  118.0 |
               +--------+--------+--------+--------+--------+-----+--------+

Top non-repeatable levels by time:
     D:3: 1146 daAuts
     D:4: 1133 daAuts
     D:2: 1020 daAuts
     D:1: 967 daAuts
     D:5: 922 daAuts
     D:6: 803 daAuts
  Temple: 118 daAuts
